 Dungeon Crawl Stone Soup version 0.29-a0-542-g075992c915 (webtiles) character file.

Game seed: 6485612488267547196

8225 bande the Nimble (level 11, -25/92 HPs)
             Began as a Gnoll Wanderer on June 3, 2022.
             Was a High Priest of Okawaru.
             Killed from afar by a fire dragon (35 damage)
             ... with a blast of flame
             ... on level 1 of the Lair of Beasts.
             The game lasted 00:24:06 (10213 turns).

bande the Nimble (Gnoll Wanderer)                  Turns: 10213, Time: 00:24:07

Health: -25/92     AC: 26    Str:  9    XL:     11   Next: 27%
Magic:  0/23       EV:  4    Int:  7    God:    Okawaru [*****.]
Gold:   1016       SH: 26    Dex: 20    Spells: 26/26 levels left

rFire   . . .      SeeInvis .   z - +4 trident of Valiance {protect, rPois}
rCold   x . .      Faith    .   y - +10 tower shield of Ignorance {rN+ Int-4}
rNeg    + + +      Spirit   +   u - +7 chain mail "Bem Jog" {rPois rC- rN++ Regen+ Int-5}
rPois   +          Reflect  .   m - +0 helmet
rElec   .          Harm     .   n - +0 cloak
rCorr   .          Rampage  .   (no gloves)
Will    +....                   (no boots)
Stlth   ++........              C - amulet of Biasats {Spirit rPois Will+ Stlth+}
HPRegen 1.05/turn               A - +6 ring of intelligence
MPRegen 0.18/turn               (no ring)

@: mighty, under a protective aura, studying Spellcasting
A: fangs 1, strong nose, distributed training
a: Renounce Religion, Heroism, Finesse, Duel


You were on level 1 of the Lair of Beasts.
You worshipped Okawaru.
Okawaru was extremely pleased with you.
You visited 3 branches of the dungeon, and saw 10 of its levels.
You also visited: Sewer.

You collected 1131 gold pieces.
You spent 115 gold pieces at shops.

Inventory:

Hand Weapons
 d - a +0 scimitar of flaming
 e - a +0 flail
 s - a +1 war axe
 v - the +1 rapier "Satsi" {venom, rCorr Dex+4 SInv}
   (You found it on level 4 of the Dungeon)

   It poisons the flesh of those it strikes.
   Dex:       It affects your dexterity (+4).
   SInv:      It lets you see invisible.
   rCorr:     It protects you from acid and corrosion.
 z - the +4 trident of Valiance (weapon) {protect, rPois}
   (You found it on level 5 of the Dungeon)

   It grants its wielder temporary protection when it strikes (+7 to AC).
   rPois:     It protects you from poison.
 B - a +2 shortbow of flaming
Armour
 c - a +0 buckler
 m - a +0 helmet (worn)
 n - a +0 cloak (worn)
 t - a +0 chain mail
 u - the +7 chain mail "Bem Jog" (worn) {rPois rC- rN++ Regen+ Int-5}
   (You found it on level 4 of the Dungeon)

   Int:       It affects your intelligence (-5).
   rC:        It makes you vulnerable to cold.
   rPois:     It protects you from poison.
   rN:        It greatly protects you from negative energy.
   Regen:     It increases your rate of health regeneration.
 y - the +10 tower shield of Ignorance (worn) {rN+ Int-4}
   (You acquired it on level 6 of the Dungeon)

   Int:       It affects your intelligence (-4).
   rN:        It protects you from negative energy.
Jewellery
 a - an amulet of faith
 g - an amulet of the acrobat
 j - a ring of fire
 r - a ring of resist corrosion
 A - a +6 ring of intelligence (left hand)
 C - the amulet of Biasats (around neck) {Spirit rPois Will+ Stlth+}
   (You bought it in a shop on level 7 of the Dungeon)

   [amulet of guardian spirit]

   It causes incoming damage to be divided between your reserves of health and
   magic.
   rPois:     It protects you from poison.
   Will:      It increases your willpower.
   Stlth:     It makes you more stealthy.
 E - a ring of see invisible
Wands
 F - a wand of iceblast (3)
Scrolls
 b - 4 scrolls of fog
 k - 9 scrolls of teleportation
 w - 4 scrolls of blinking
 G - a scroll of brand weapon
Potions
 f - 5 potions of brilliance
 h - 3 potions of resistance
 i - 3 potions of flight
 o - 2 potions of mutation
 p - 2 potions of magic
 q - 3 potions of curing
 x - a potion of cancellation
 D - 2 potions of haste
 H - 2 potions of invisibility


   Skills:
 + Level 10.5 Fighting
 + Level 6.1 Short Blades
 + Level 6.1 Long Blades
 + Level 6.1 Axes
 + Level 6.1 Maces & Flails
 + Level 6.1 Polearms
 + Level 6.1 Staves
 + Level 6.1 Slings
 + Level 6.1 Bows
 + Level 6.1 Crossbows
 + Level 6.1 Throwing
 + Level 6.1 Armour
 + Level 10.5 Dodging
 + Level 6.1 Stealth
 + Level 6.7 Shields
 + Level 6.1 Unarmed Combat
 + Level 8.2 Spellcasting
 + Level 5.1 Conjurations
 + Level 5.1 Hexes
 + Level 5.1 Summonings
 + Level 5.1 Necromancy
 + Level 5.1 Translocations
 + Level 5.1 Transmutations
 + Level 5.1 Fire Magic
 + Level 5.1 Ice Magic
 + Level 5.1 Air Magic
 + Level 5.1 Earth Magic
 + Level 5.1 Poison Magic
 + Level 6.7 Invocations
 + Level 6.7 Evocations


You had 26 spell levels left.
You didn't know any spells.
Your spell library contained the following spells:

 Spells                   Type           Power      Damage    Failure   Level
 Blink                    Tloc           20%        N/A       100%        2
 Lesser Beckoning         Tloc           10%        N/A       100%        3
 Manifold Assault         Tloc           10%        N/A       100%        5


Dungeon Overview and Level Annotations

Branches:
Dungeon (8/15)             Temple (1/1) D:5            Lair (1/6) D:8
  Sewer (visited)

Altars:
Ashenzari
Cheibriados
Dithmenos
Elyvilon
Fedhas
Gozag
Hepliaklqana
Kikubaaqudgha
Nemelex Xobeh
Okawaru
Qazlal
Ru
Sif Muna
Uskayaw
Wu Jian
Yredelemnul
The Shining One

Shops:
D:3 *   D:7 =[**[


Innate Abilities, Weirdness & Mutations

You have very sharp teeth.
Your uncanny sense of smell can sniff out nearby items.
Your experience applies equally to all skills.


Message History

The fire dragon is lightly wounded.
You block the fire dragon's attack. x3; The fire dragon barely misses you.
The fire dragon claws you but does no damage.
The fire dragon tramples you but does no damage.
You hit the fire dragon but do no damage.
The fire dragon is lightly wounded.
You block the fire dragon's attack.
The fire dragon claws you but does no damage.
You block the fire dragon's attack.
You puncture the fire dragon!
The fire dragon is moderately wounded.
The fire dragon bites you but does no damage.
You block the fire dragon's attack. x2; The fire dragon bites you!
You block the fire dragon's attack.
The fire dragon tramples you but does no damage.
Unknown command.
You hit the fire dragon.
The fire dragon is moderately wounded.
The fire dragon bites you but does no damage.
You block the fire dragon's attack. x2
You hit the fire dragon.
The fire dragon is moderately wounded.
The fire dragon breathes flames at you. The blast of flame hits you!!!
* * * LOW HITPOINT WARNING * * *
You puncture the fire dragon! You bite the fire dragon.
The fire dragon is heavily wounded.
The fire dragon bites you!
* * * LOW HITPOINT WARNING * * *
The fire dragon claws you but does no damage.
You block the fire dragon's attack. x4
You puncture the fire dragon!
The fire dragon is heavily wounded.
You block the fire dragon's attack. x2
The fire dragon tramples you but does no damage.
You puncture the fire dragon! You bite the fire dragon!
The fire dragon is severely wounded.
The fire dragon breathes flames at you. The blast of flame hits you!!!
You die...

#.?$$≈≈≈≈≈≈≈#
#?.$$≈≈≈≈≈≈≈#
#...≈≈≈≈≈≈≈#
##...≈≈≈≈≈≈≈
#≈≈.≈≈≈≈≈≈#
#≈≈≈≈≈S..≈#
#≈≈≈≈..D..#
#≈≈...@..#
###
#........#
#..
#.......##
#.. ##......#
####..
#......#
####.##..
##....##
#....##..
##..##
##........
#..#
#...[.####
##.#
#...###.##


You could see a fire dragon (catching breath) and an electric eel.

Vanquished Creatures
  Erica (Lair:1)
  Pikel (D:8)
  Joseph (Lair:1)
  A black mamba (Lair:1)
  A cane toad (Lair:1)
  3 komodo dragons
  Prince Ribbit (D:5)
  A shadow (D:5)
  A wyvern (D:8)
  4 yaks (D:8)
  A water moccasin (D:6)
  4 ice beasts
  5 sky beasts
  2 orc warriors (D:8)
  3 black bears
  3 ogres
  4 centaurs
  A phantom (D:4)
  3 lemures (D:8)
  A kobold brigand (D:7)
  4 bullfrogs
  2 scorpions
  4 necrophages
  3 gnoll sergeants
  4 wights
  4 killer bees (D:7)
  2 jellies (D:5)
  7 orc priests
  2 gnoll shamans
  7 hounds
  4 iguanas
  2 orc wizards
  A killer bee simulacrum (D:6)
  13 adders
  20 gnolls
  2 shadow imps
  A white imp (D:6)
  4 worms
  4 dart slugs
  16 orcs
  7 bats
  6 endoplasms
  13 giant cockroaches
  9 goblins
  5 hobgoblins
  5 jackals
  9 kobolds
  8 quokkas
  12 ball pythons
  6 frilled lizards
  5 rats
  A butterfly (D:5)
234 creatures vanquished.

Vanquished Creatures (collateral kills)
  A kobold (D:1)
  A quokka (D:1)
2 creatures vanquished.

Vanquished Creatures (others)
  The ghost of Phlounder the Magician, a novice DjFE of Makhleb (D:6)
  A spectral centaur (D:6)
  A spectral howler monkey (D:6)
  3 plants (D:8)
6 creatures vanquished.

Grand Total: 242 creatures vanquished

Notes
Turn   | Place    | Note
-------+----------+-------------------------------------------
     0 | D:1      | bande the Gnoll Wanderer began the quest for the Orb.
     0 | D:1      | bande set off with the following items: a +0 dagger, a
                  | scroll of fog, a +0 buckler, a potion of heal wounds, a +2
                  | leather armour
     0 | D:1      | Reached XP level 1. HP: 26/26 MP: 1/1
   172 | D:1      | Reached XP level 2. HP: 33/33 MP: 2/2
   241 | D:1      | Found a faded altar of an unknown god.
   734 | D:1      | Reached XP level 3. HP: 5/38 MP: 3/3
  1220 | D:2      | Found a snail-covered altar of Cheibriados.
  1368 | D:2      | Reached skill level 1 in Invocations
  1797 | D:2      | Reached skill level 1 in Short Blades
  1797 | D:2      | Reached skill level 1 in Long Blades
  1797 | D:2      | Reached skill level 1 in Axes
  1797 | D:2      | Reached skill level 1 in Maces & Flails
  1797 | D:2      | Reached skill level 1 in Polearms
  1797 | D:2      | Reached skill level 1 in Staves
  1797 | D:2      | Reached skill level 1 in Slings
  1797 | D:2      | Reached skill level 1 in Bows
  1797 | D:2      | Reached skill level 1 in Crossbows
  1797 | D:2      | Reached skill level 1 in Throwing
  1797 | D:2      | Reached skill level 1 in Armour
  1797 | D:2      | Reached skill level 1 in Stealth
  1797 | D:2      | Reached skill level 1 in Unarmed Combat
  1797 | D:2      | Reached skill level 1 in Spellcasting
  1960 | D:3      | Reached XP level 4. HP: 44/45 MP: 5/5
  1995 | D:3      | Found a white marble altar of Elyvilon.
  1996 | D:3      | Found an iron altar of Okawaru.
  1996 | D:3      | Found an opulent altar of Gozag.
  1997 | D:3      | Found a hazy altar of Hepliaklqana.
  2012 | D:3      | Became a worshipper of Warmaster Okawaru
  2304 | D:3      | Found Xuze's Assorted Antiques.
  2624 | D:3      | Noticed a bullfrog
  2633 | D:3      | Killed a bullfrog
  2634 | D:3      | Reached skill level 1 in Conjurations
  2634 | D:3      | Reached skill level 1 in Hexes
  2634 | D:3      | Reached skill level 1 in Summonings
  2634 | D:3      | Reached skill level 1 in Necromancy
  2634 | D:3      | Reached skill level 1 in Translocations
  2634 | D:3      | Reached skill level 1 in Transmutations
  2634 | D:3      | Reached skill level 1 in Fire Magic
  2634 | D:3      | Reached skill level 1 in Ice Magic
  2634 | D:3      | Reached skill level 1 in Air Magic
  2634 | D:3      | Reached skill level 1 in Earth Magic
  2634 | D:3      | Reached skill level 1 in Poison Magic
  2634 | D:3      | Reached XP level 5. HP: 47/51 MP: 5/7
  2955 | D:4      | Noticed a phantom
  2974 | D:4      | Killed a phantom
  2975 | D:4      | Reached XP level 6. HP: 48/57 MP: 8/8
  3115 | D:3      | Reached * piety under Okawaru
  3310 | D:4      | Noticed a +0 dagger
  3311 | D:4      | Found a hide-covered altar of Uskayaw.
  3311 | D:4      | Noticed a +0 dagger
  3551 | D:4      | Identified the +7 chain mail "Bem Jog" {rPois rC- rN++
                  | Regen+ Int-5}
  3608 | D:4      | Identified the +1 rapier "Satsi" {venom, rCorr Dex+4 SInv}
  3629 | D:4      | Noticed a sky beast
  3652 | D:4      | Killed a sky beast
  3653 | D:4      | Reached XP level 7. HP: 58/63 MP: 10/10
  3927 | D:5      | Entered Level 5 of the Dungeon
  3928 | D:5      | Found a staircase to the Ecumenical Temple.
  4014 | D:5      | Noticed a shadow
  4028 | Temple   | Entered the Ecumenical Temple
  4135 | D:5      | Reached ** piety under Okawaru
  4136 | D:5      | Reached XP level 8. HP: 71/71 MP: 12/12
  4383 | D:5      | Noticed Prince Ribbit
  4397 | D:5      | Killed Prince Ribbit
  4487 | D:5      | Identified the +4 trident of Valiance {protect, rPois}
  4662 | D:5      | Killed a shadow
  4925 | D:6      | Reached XP level 9. HP: 60/77 MP: 15/15
  4931 | D:6      | Found a stormy altar of Qazlal.
  4945 | D:6      | Reached *** piety under Okawaru
  5137 | D:6      | Reached skill level 5 in Spellcasting
  5167 | D:6      | Reached skill level 5 in Shields
  5167 | D:6      | Reached skill level 5 in Evocations
  5197 | D:6      | Found a glowing drain.
  5210 | Sewer    | Entered a sewer
  5742 | D:6      | Found a runed translucent gate.
  5743 | D:6      | Found a runed translucent gate.
  5757 | D:6      | Found a runed translucent gate.
  5766 | D:6      | Noticed Phlounder's ghost (novice DjFE)
  5903 | D:6      | Identified a scroll of acquirement
  5903 | D:6      | Acquired the +10 tower shield of Ignorance {rN+ Int-4}
  5903 | D:6      | Found the +10 tower shield of Ignorance {rN+ Int-4}
  6027 | D:6      | Reached skill level 5 in Invocations
  6304 | D:6      | Killed Phlounder's ghost
  6384 | D:7      | Acquired 609 gold pieces
  6429 | D:7      | Found Zaleciv's Assorted Antiques.
  6457 | D:7      | Reached **** piety under Okawaru
  6507 | D:7      | Found Dupoovvo's Armour Emporium.
  6529 | D:7      | Bought a clouded golden amulet for 115 gold pieces
  6529 | D:7      | Identified the amulet of Biasats {Spirit rPois Will+
                  | Stlth+} (You bought it in a shop on level 7 of the Dungeon)
  6624 | D:7      | Reached XP level 10. HP: 85/85 MP: 19/19
  6741 | D:7      | Found Jumeojov's Armour Boutique.
  6905 | D:7      | Found Omoeqod's Assorted Antiques.
  6991 | D:7      | Found Plog's Jewellery Boutique.
  7007 | D:7      | Reached skill level 5 in Short Blades
  7007 | D:7      | Reached skill level 5 in Long Blades
  7007 | D:7      | Reached skill level 5 in Axes
  7007 | D:7      | Reached skill level 5 in Maces & Flails
  7007 | D:7      | Reached skill level 5 in Polearms
  7007 | D:7      | Reached skill level 5 in Staves
  7007 | D:7      | Reached skill level 5 in Slings
  7007 | D:7      | Reached skill level 5 in Bows
  7007 | D:7      | Reached skill level 5 in Crossbows
  7007 | D:7      | Reached skill level 5 in Throwing
  7007 | D:7      | Reached skill level 5 in Armour
  7007 | D:7      | Reached skill level 5 in Stealth
  7007 | D:7      | Reached skill level 5 in Unarmed Combat
  7355 | D:7      | Reached skill level 10 in Fighting
  7355 | D:7      | Reached skill level 10 in Dodging
  7461 | D:8      | Received a gift from Okawaru
  7593 | D:8      | HP: 4/85 [yak (6)]
  7637 | D:8      | Reached ***** piety under Okawaru
  7909 | D:8      | Found a shimmering blue altar of Sif Muna.
  7909 | D:8      | Found an ancient bone altar of Kikubaaqudgha.
  7979 | D:8      | Noticed Pikel
  8013 | D:8      | Killed Pikel
  8075 | D:8      | Found a staircase to the Lair.
  8683 | Lair:1   | Entered Level 1 of the Lair of Beasts
  8807 | Lair:1   | Received a gift from Okawaru
  8808 | Lair:1   | Reached XP level 11. HP: 63/92 MP: 14/22
  9018 | Lair:1   | Noticed Erica
  9031 | Lair:1   | Noticed Joseph
  9039 | Lair:1   | Killed Erica
  9040 | Lair:1   | Reached skill level 5 in Conjurations
  9040 | Lair:1   | Reached skill level 5 in Hexes
  9040 | Lair:1   | Reached skill level 5 in Summonings
  9040 | Lair:1   | Reached skill level 5 in Necromancy
  9040 | Lair:1   | Reached skill level 5 in Translocations
  9040 | Lair:1   | Reached skill level 5 in Transmutations
  9040 | Lair:1   | Reached skill level 5 in Fire Magic
  9040 | Lair:1   | Reached skill level 5 in Ice Magic
  9040 | Lair:1   | Reached skill level 5 in Air Magic
  9040 | Lair:1   | Reached skill level 5 in Earth Magic
  9040 | Lair:1   | Reached skill level 5 in Poison Magic
  9093 | Lair:1   | Killed Joseph
  9629 | Lair:1   | Noticed a fire dragon
 10213 | Lair:1   | Killed from afar by a fire dragon

Illustrated notes

Levels and vault maps discovered:
D:1:      dpeg_arrival_castle, layout_loops_ring,
          dreamdust_ecumenical_altar_angels_and_demons
D:2:      layout_rooms, basic_altar
D:3:      layout_basic, chequers_temple_overflow_statue_of_worship,
          serial_shops, nicolae_shop_overgrown_old_shop, minmay_parallelograms
D:4:      minmay_opposing_rooms, layout_rooms, dancing_weapons_uskayaw
D:5:      layout_basic, minmay_temple_entry_butterflies, minmay_manual_moon,
          uniq_prince_ribbit1
D:6:      layout_basic, nicolae_qazlal_style_of_elements, gup_sewer_entry_pipe,
          gammafunk_ghost_necromancy
D:7:      layout_basic, serial_shops, nicolae_take_the_stairs,
          nicolae_shop_overgrown_old_shop, shop, shop, shop
D:8:      layout_rooms, jmf_multi_god_temple, david_lair_shrubbed, uniq_pikel
Temple:   nicolae_temple_x_marks_the_god
Lair:1:   dragon1_lemuel, layout_misc_corridors, uniq_joseph, uniq_erica

Skill      XL: |  1  2  3  4  5  6  7  8  9 10 11 |
---------------+----------------------------------+-----
Invocations    | 1 2 3 4 5 6 |  6.7
Short Blades   | 1 2 3 4 5 6 |  6.1
Long Blades    | 1 2 3 4 5 6 |  6.1
Axes           | 1 2 3 4 5 6 |  6.1
Maces & Flails | 1 2 3 4 5 6 |  6.1
Polearms       | 1 2 3 4 5 6 |  6.1
Staves         | 1 2 3 4 5 6 |  6.1
Slings         | 1 2 3 4 5 6 |  6.1
Bows           | 1 2 3 4 5 6 |  6.1
Crossbows      | 1 2 3 4 5 6 |  6.1
Throwing       | 1 2 3 4 5 6 |  6.1
Armour         | 1 2 3 4 5 6 |  6.1
Stealth        | 1 2 3 4 5 6 |  6.1
Unarmed Combat | 1 2 3 4 5 6 |  6.1
Spellcasting   | 1 2 4 6 7 8 |  8.2
Conjurations   | 1 2 3 4 5 |  5.1
Hexes          | 1 2 3 4 5 |  5.1
Summonings     | 1 2 3 4 5 |  5.1
Necromancy     | 1 2 3 4 5 |  5.1
Translocations | 1 2 3 4 5 |  5.1
Transmutations | 1 2 3 4 5 |  5.1
Fire Magic     | 1 2 3 4 5 |  5.1
Ice Magic      | 1 2 3 4 5 |  5.1
Air Magic      | 1 2 3 4 5 |  5.1
Earth Magic    | 1 2 3 4 5 |  5.1
Poison Magic   | 1 2 3 4 5 |  5.1
Shields        | 3 4 5 6 |  6.7
Evocations     | 3 4 5 6 |  6.7
Fighting       | 9 10 | 10.5
Dodging        | 9 10 | 10.5

Action                   |  1- 3 |  4- 6 |  7- 9 | 10-12 || total
-------------------------+-------+-------+-------+-------++-------
Melee: Dagger            |   208 |    63 |       |       ||   271
       Bite              |    22 |    22 |    49 |    74 ||   167
       War axe           |       |    95 |     3 |       ||    98
       Rapier            |       |       |    77 |       ||    77
       Trident           |       |       |   345 |   534 ||   879
  Use: Scroll            |     7 |     4 |    10 |     5 ||    26
       Potion            |       |       |       |     5 ||     5
 Stab: Sleeping          |     4 |     2 |       |       ||     6
Armor: Leather armour    |    39 |     8 |       |       ||    47
       Chain mail        |       |   106 |   261 |   377 ||   744
Dodge: Dodged            |   152 |    66 |   136 |    72 ||   426
Block: Buckler           |    42 |    64 |   107 |       ||   213
       Tower shield      |       |       |   158 |  1036 ||  1194

Table legend: (Time is in decaauts)
 A = Elapsed time spent in this place.
 B = Non-inter-level travel time spent in this place.
 C = Inter-level travel time spent in this place.
 D = Time resting spent in this place.
 E = Time spent auto-exploring this place.
 F = Levels seen in this place.
 G = Mean time per level.
                   A        B        C        D        E       F      G
               +--------+--------+--------+--------+--------+-----+--------+
         Total |  10659 |  10556 |    103 |   1928 |   5441 |  11 |  969.0 |
       Dungeon |   8499 |   8396 |    103 |   1241 |   4481 |   8 | 1062.4 |
        Temple |     22 |     22 |      0 |      0 |      0 |   1 |   22.0 |
          Lair |   1580 |   1580 |      0 |    687 |    602 |   1 | 1580.0 |
         Sewer |    557 |    557 |      0 |      0 |    357 |   1 |  557.0 |
               +--------+--------+--------+--------+--------+-----+--------+

Top non-repeatable levels by time:
  Lair:1: 1580 daAuts
     D:8: 1399 daAuts
     D:1: 1194 daAuts
     D:3: 1145 daAuts
     D:7: 1089 daAuts
     D:6: 1081 daAuts
     D:4: 945 daAuts
     D:5: 928 daAuts
     D:2: 716 daAuts
   Sewer: 557 daAuts
  Temple: 22 daAuts
